 Dungeon Crawl Stone Soup version 0.26.0-10-g1f06aea511 (webtiles) character file.

Game seed: 209749927700269995

200 septik the Chopper (level 5, -5/45 (47) HPs)
             Began as a Minotaur Berserker on Jan 29, 2021.
             Was a Priest of Trog.
             Slain by a wight
             ... wielding a cursed +3 falchion
              (9 damage)
             ... on level 7 of the Dungeon.
             The game lasted 00:02:31 (2874 turns).

septik the Chopper (Minotaur Berserker)             Turns: 2874, Time: 00:02:32

HP:   -5/45 (47)    AC:  4    Str: 23    XL:     5   Next: 49%
MP:   4/4           EV: 13    Int:  4    God:    Trog [***...]
Gold: 167           SH:  0    Dex:  9    Spells: 4/4 levels left

rFire    . . .     SeeInvis .   k - +1 war axe (flame)
rCold    . . .     Faith    .   (no shield)
rNeg     . . .     Spirit   .   b - +0 animal skin
rPois    .         Reflect  .   (helmet restricted)
rElec    .         Harm     .   (no cloak)
rCorr    .         Rampage  .   e - +0 pair of gloves (curse)
Will     .....                  j - +0 pair of boots
Stlth    +.........             (no amulet)
HPRegen  0.15/turn              (no ring)
MPRegen  0.09/turn              (no ring)

@: lightly drained
A: retaliatory headbutt, horns 2
a: Renounce Religion, Berserk, Trog's Hand


You were on level 7 of the Dungeon.
You worshipped Trog.
Trog was most pleased with you.
You visited 1 branch of the dungeon, and saw 5 of its levels.

You collected 167 gold pieces.

Inventory:

Hand Weapons
 a - a +0 hand axe
 f - a +1 dagger of electrocution
 k - a +1 war axe of flaming (weapon)
Armour
 b - a +0 animal skin (worn)
 e - a cursed +0 pair of gloves (worn)
 j - a +0 pair of boots (worn)
Jewellery
 l - an uncursed ring of willpower {unknown}
 q - a +4 ring of protection {unknown}
Wands
 s - a wand of paralysis (9)
Scrolls
 c - a scroll of blinking {unknown}
 g - 2 scrolls of remove curse {unknown}
 h - 2 scrolls of magic mapping {unknown}
 i - 2 scrolls of amnesia {unknown}
 m - 3 scrolls of identify {unknown}
 n - a scroll of immolation {unknown}
 o - a scroll of fog {unknown}
Potions
 d - a potion of attraction {unknown}
 p - a potion of berserk rage {unknown}
 r - 2 potions of brilliance {unknown}


   Skills:
 + Level 4.6 Fighting
 * Level 5.5 Axes
 + Level 3.8 Armour
 + Level 3.3 Dodging


You had 4 spell levels left.
You didn't know any spells.
Your spell library was empty.

Dungeon Overview and Level Annotations

Branches:
Dungeon (4/15)
 Temple: D:4-7

Altars:
Nemelex Xobeh
Qazlal
Wu Jian


Innate Abilities, Weirdness & Mutations

You reflexively headbutt those who attack you in melee.
You have a pair of horns on your head.


Message History

You barely miss the wight. You hit the wight but do no damage.
The wight hits you with a cursed +3 war axe!
You feel drained.
* * * LOW HITPOINT WARNING * * *
The wight hits you with a cursed +3 falchion.
* * * LOW HITPOINT WARNING * * *
You feel drained.
* * * LOW HITPOINT WARNING * * *
Unknown command.
You are too injured to fight recklessly!
Unknown command.
You are too injured to fight recklessly!
Unknown command.
You are too injured to fight recklessly!
Unknown command.
You are too injured to fight recklessly!
You are too injured to fight recklessly!
You hit the wight but do no damage. x2; The wight closely misses you.
The wight hits you with a cursed +3 falchion!
You die...

###....?..#
..........#
#........#
#.(......####
#......!.....
#........#
#....)...#
#....@z..#
######z#.....
.# ##. .# .#
.# .# .#


You could see 2 wights.

Vanquished Creatures
  A wight (D:7)
  An orc priest (D:3)
  An orc wizard (D:3)
  A worker ant (D:4)
  A worm (D:2)
  5 leopard geckos
  3 orcs
  9 bats
  8 giant cockroaches
  8 goblins
  4 hobgoblins
  4 jackals (D:4)
  A quokka (D:3)
  2 ball pythons (D:3)
  7 frilled lizards
  7 kobolds
  6 rats
69 creatures vanquished.

Notes
Turn   | Place    | Note
-------+----------+-------------------------------------------
     0 | D:1      | septik the Minotaur Berserker began the quest for the Orb.
     0 | D:1      | Reached XP level 1. HP: 19/19 MP: 0/0
    99 | D:1      | Reached XP level 2. HP: 25/27 MP: 1/1
   240 | D:1      | Reached skill level 4 in Axes
   621 | D:1      | Reached ** piety under Trog
   990 | D:2      | Found a stormy altar of Qazlal.
  1043 | D:2      | Reached XP level 3. HP: 31/33 MP: 2/2
  1784 | D:3      | Found an ornate altar of the Wu Jian Council.
  2116 | D:3      | Reached *** piety under Trog
  2360 | D:3      | Reached XP level 4. HP: 37/40 MP: 3/3
  2364 | D:3      | Reached skill level 5 in Axes
  2660 | D:4      | Found a sparkling altar of Nemelex Xobeh.
  2761 | D:4      | Reached XP level 5. HP: 42/47 MP: 4/4
  2868 | D:4      | You fall into a shaft and drop 3 floors!
  2874 | D:7      | Slain by a wight

Illustrated notes

Levels and vault maps discovered:
D:1:      giann_forest_graveyard, layout_basic
D:2:      layout_basic, nicolae_overflow_crystal_walls
D:3:      layout_loops_corners, lemuel_doored_altar
D:4:      layout_loops_ring, nemelex_xobeh_ov_fountains_minmay, temple_green
D:7:      layout_basic, kennysheep_little_box, enter_bailey_3, uniq_joseph

Skill      XL: |  1  2  3  4 |
---------------+-------------+-----
Axes           | 4 5 |  5.5
Fighting       | 4 |  4.6
Armour         | 3 |  3.8
Dodging        | 3 |  3.3

Action                   |  1- 3 |  4- 6 || total
-------------------------+-------+-------++-------
Melee: Hand axe          |    39 |       ||    39
       Headbutt          |    15 |     4 ||    19
       Dagger            |     7 |       ||     7
       War axe           |    50 |    22 ||    72
Armor: Animal skin       |    28 |     6 ||    34
Dodge: Dodged            |    62 |    12 ||    74
